 Dungeon Crawl Stone Soup version 0.30-a0-1160-g6e42c06551 (webtiles) character file.

Game seed: 2095439017249185810

1237 cheesebisquit the Fighter (level 8, -10/81 HPs)
             Began as a Green Draconian Fire Elementalist on Apr 26, 2023.
             Mangled by a wight
             ... wielding a +4 trident
              (12 damage)
             ... on level 5 of the Dungeon.
             The game lasted 00:17:18 (5194 turns).

cheesebisquit the Fighter (DrFE)                    Turns: 5194, Time: 00:17:18

Health: -10/81     AC:  7    Str: 10      XL:     8   Next: 24%
Magic:  11/11      EV: 12    Int: 16 (18) God:
Gold:   288        SH:  0    Dex: 12      Spells: 10/11 levels left

rFire   . . .        y - +2 morningstar
rCold   . . .        (no shield)
rNeg    . . .        (body armour unavailable)
rPois   +            (helmet restricted)
rElec   .            (no cloak)
rCorr   .            u - +0 pair of gloves
SInv    .            (no boots)
Will    .....        (no amulet)
Stlth   ++           (no ring)
HPRegen 0.33/turn    (no ring)
MPRegen 0.12/turn

%: no passive effects
@: flying
A: breathe noxious fumes, AC +6, unfitting armour, poison resistance,
cold-blooded, big wings
a: Breathe Noxious Fumes


You were on level 5 of the Dungeon.
You visited 1 branch of the dungeon, and saw 6 of its levels.

You collected 288 gold pieces.

Inventory:

Hand Weapons
 m - a +1 dagger of draining
 x - a +4 quarterstaff
 y - a +2 morningstar (weapon)
Missiles
 c - 4 boomerangs
 d - 4 curare-tipped darts
Armour
 u - a +0 pair of gloves (worn)
Wands
 z - a wand of digging (1)
Scrolls
 h - a scroll of immolation
 j - 3 scrolls of amnesia
 o - a scroll of fear
 p - a scroll of teleportation
 q - a scroll of vulnerability
 r - a scroll of noise {unknown}
 s - a scroll of fog {unknown}
 v - a scroll of enchant armour {unknown}
Potions
 i - a potion of mutation
 n - a potion of brilliance


   Skills:
 + Level 10.8 Fighting
 - Level 1.7 Dodging
 - Level 1.7 Stealth
 - Level 2.0 Spellcasting
 - Level 1.0 Conjurations
 - Level 3.0 Fire Magic


You had 10 spell levels left.
You knew the following spells:

 Your Spells              Type           Power      Damage    Failure   Level
a - Foxfire               Conj/Fire      32%        2x1d5     9%          1

Your spell library contained the following spells:

 Spells                   Type           Power      Damage    Failure   Level
 Scorch                   Fire           22%        2d6       9%          2
 Inner Flame              Hex/Fire       6%         N/A       32%         3
 Volatile Blastmotes      Fire/Tloc      12%        2d11      32%         3
 Flame Wave               Conj/Fire      8%         2d5       65%         4
 Passage of Golubria      Tloc           1%         N/A       90%         4
 Silence                  Hex/Air        0%         N/A       99%         5
 Yara's Violent Unravell  Hex/Tmut       0%         3d3       99%         5
 Enfeeble                 Hex            0%         N/A       100%        7
 Lehudib's Crystal Spear  Conj/Erth      1%         10d2      100%        8


Dungeon Overview and Level Annotations

Branches:
Dungeon (6/15)
 Temple: D:4-7

Altars:
Gozag
Kikubaaqudgha
Nemelex Xobeh
Uskayaw
Xom
Zin

Annotations:
D:4 3 runed translucent doors, BlueFish's ghost, amateur OpFi
D:5 2 transporters, zlionsfan's ghost, novice GnMo


Innate Abilities, Weirdness & Mutations

You can breathe blasts of noxious fumes.
Your lurid green scales are hard. (AC +6)
You cannot fit into any form of body armour.
Your system is resistant to poisons. (rPois)
You are cold-blooded and may be slowed by cold attacks.
Your large and strong wings let you fly.


Message History

The wight closely misses you.
You barely miss the orc priest.
The orc priest hits you with a +0 falchion.
* * * LOW HITPOINT WARNING * * *
The wight barely misses you. The wight misses you.
There is a stone staircase leading up here.
The orc priest hits you with a +0 falchion.
* * * LOW HITPOINT WARNING * * *
The wight hits you with a +4 trident.
* * * LOW HITPOINT WARNING * * *
You fly upwards.
Level annotation: 2 transporters, zlionsfan's ghost, novice GnMo
There is a stone staircase leading down here.
You puncture the orc priest!
The orc priest is heavily wounded.
The orc priest hits you with a +0 falchion!
* * * LOW HITPOINT WARNING * * *
The wight barely misses you. x2
The orc priest hits you but does no damage.
You feel much better. The wight hits you with a +4 trident!
* * * LOW HITPOINT WARNING * * *
The orc priest hits you but does no damage.
You barely miss the orc priest.
The orc priest is heavily wounded.
The orc priest invokes the aid of Beogh against you.
Beogh smites you!
* * * LOW HITPOINT WARNING * * *
The wight hits you but does no damage.
Okay, then.
As you read the scroll of fear, it crumbles to dust.
You assume a fearsome visage.
The orc priest looks frightened!
The wight is unaffected.
The wight hits you but does no damage.
The air fills with toxic fumes!
As you read the scroll of poison, it crumbles to dust.
The wight closely misses you.
The orc priest is engulfed in poison gas.
The orc priest is poisoned.
The wight hits you from afar with a +4 trident!
You die...

.......##__## ##########
.....###8..≈############.......<.
......###''##............##......
.......##§.###############.......
......##§§§########## ###...####
......##§§§o§##§§§§§####....##8.$
......#.§§§§§.§§§§§§§##..#..#ho..
#####...§§§§§§§§§§§§§§§.##..#J##.
#####...§§§§§§z>@§§§§§####..#.##.
##Z##...§§§§§§§§§§§§§§# #..#....
#####.†.§§§§§§§§§§§§§§# #..#.##.
#...#..†§§§§§§§§§§§§§§# #..#h##.
#._.##..§§§§§§§§§§§§§§####..#f...
#...###.§§§§§§§§§§§§§§§..#..##8..
#....##.§§§§§##§§§§§§§§......####
####.##.##§§§#§§§§§§§####........
##....##.....##########.#......


You could see a wight and an orc priest (fleeing, poisoned).

Vanquished Creatures
  An ice beast (D:5)
  2 phantoms (D:5)
  A kobold brigand (D:5)
  7 scorpions (D:5)
  A howler monkey (D:4)
  A jelly (D:5)
  A gnoll bouda (D:5)
  An orc priest (D:4)
  3 sleepcaps (D:5)
  3 iguanas (D:5)
  3 orc wizards
  3 gnolls (D:3)
  4 adders
  An ufetubus (D:5)
  2 worms
  2 dart slugs
  14 orcs
  7 endoplasms
  2 giant cockroaches
  7 goblins
  7 hobgoblins
  2 quokkas (D:2)
  11 ball pythons
  9 bats
  2 frilled lizards
  4 kobolds
  4 rats
105 creatures vanquished.

Vanquished Creatures (others)
  A human (D:5)
  302 foxfires
  A plant (D:4)
304 creatures vanquished.

Grand Total: 409 creatures vanquished

Notes
Turn   | Place    | Note
-------+----------+-------------------------------------------
     0 | D:1      | cheesebisquit the Draconian Fire Elementalist began the
                  | quest for the Orb.
     0 | D:1      | Reached XP level 1. HP: 14/14 MP: 3/3
    95 | D:1      | Reached skill level 1 in Fighting
   230 | D:1      | Reached XP level 2. HP: 24/24 MP: 3/5
   276 | D:1      | Reached skill level 2 in Fighting
  1068 | D:2      | Noticed an eye of devastation
  1079 | D:2      | Reached skill level 3 in Fighting
  1081 | D:2      | Reached XP level 3. HP: 31/31 MP: 0/6
  1147 | D:2      | Found a faded altar of an unknown god.
  1151 | D:2      | Noticed an eye of devastation
  1151 | D:2      | Noticed a floating eye
  1151 | D:2      | Noticed a shining eye
  1624 | D:3      | Reached skill level 4 in Fighting
  1624 | D:3      | Reached XP level 4. HP: 34/40 MP: 0/7
  2248 | D:4      | Found a runed translucent gate.
  2248 | D:4      | Found a runed translucent gate.
  2248 | D:4      | Found a runed translucent gate.
  2252 | D:4      | Noticed BlueFish's ghost (amateur OpFi)
  2310 | D:4      | Reached skill level 5 in Fighting
  2369 | D:4      | Reached XP level 5. HP: 36/48 MP: 4/8
  3198 | D:4      | Found a shimmering altar of Xom.
  3302 | D:5      | Entered Level 5 of the Dungeon
  3316 | D:5      | Reached skill level 6 in Fighting
  3353 | D:5      | Found a transporter.
  3356 | D:5      | Found a transporter.
  3359 | D:5      | Noticed zlionsfan's ghost (novice GnMo)
  3421 | D:5      | Reached XP level 6. HP: 56/58 MP: 6/9
  3566 | D:5      | Reached skill level 7 in Fighting
  3646 | D:5      | Found an ancient bone altar of Kikubaaqudgha.
  3652 | D:5      | Noticed a human
  3653 | D:5      | Killed a human
  3879 | D:5      | Found a glowing silver altar of Zin.
  3930 | D:5      | Reached skill level 8 in Fighting
  3930 | D:5      | Your scales start taking on a lurid green colour.
  3930 | D:5      | Reached XP level 7. HP: 60/68 MP: 5/10
  3930 | D:5      | Gained mutation: Your system is resistant to poisons.
                  | (rPois) [Green Draconian growth]
  4076 | D:5      | Found a hide-covered altar of Uskayaw.
  4076 | D:5      | Found a sparkling altar of Nemelex Xobeh.
  4142 | D:5      | Reached skill level 9 in Fighting
  4364 | D:5      | Gained mutation: Your large and strong wings let you fly.
                  | [potion of mutation]
  4663 | D:5      | Found an opulent altar of Gozag.
  4746 | D:5      | Reached skill level 10 in Fighting
  4961 | D:5      | Reached XP level 8. HP: 56/80 MP: 11/11
  5189 | D:5      | HP: 2/81 [orc priest/+0 falchion (7)]
  5194 | D:5      | Mangled by a wight

Illustrated notes

Levels and vault maps discovered:
D:1:      tekkud_arrival_beachfront_property, layout_rooms,
          kennysheep_crisscross
D:2:      layout_loops_ring, hellmonk_ecumenical_altar_watching_god,
          minmay_misc_feat_plants
D:3:      layout_rooms
D:4:      layout_loops_ring, amcnicky_altar_gilded, gammafunk_ghost_split,
          saegor_snake_ambush
D:5:      minmay_razor_zed, layout_rooms,
          pdpol_temple_overflow_zin_treasury_gozag_greed,
          gammafunk_temple_overflow_wave, tgw_kikubaaqudgha,
          gammafunk_ghost_arena
D:6:      layout_loops_ring, minmay_hollow_rounded_squares, uniq_eustachio

Skill      XL: |  1  2  3  4  5  6  7 |
---------------+----------------------+-----
Fighting       | 1 3 4 5 6 8 10 | 10.8
Dodging        | |  1.7
Stealth        | |  1.7
Spellcasting   | |  2.0
Conjurations   | |  1.0
Fire Magic     | |  3.0

Action                     |  1- 3 |  4- 6 |  7- 9 || total
---------------------------+-------+-------+-------++-------
  Melee: Unarmed           |    19 |       |    12 ||    31
         Tailslap          |     1 |    10 |    23 ||    34
         Dagger            |     5 |    69 |    86 ||   160
         Morningstar       |       |       |    48 ||    48
         Punch             |       |       |     1 ||     1
   Cast: Foxfire           |    52 |    93 |    36 ||   181
    Use: Potion            |       |     1 |    11 ||    12
         Scroll            |       |       |    12 ||    12
 Armour: Skin              |     8 |    41 |    93 ||   142
  Dodge: Dodged            |    26 |    91 |   101 ||   218

Table legend: (Time is in decaauts)
 A = Elapsed time spent in this place.
 B = Non-inter-level travel time spent in this place.
 C = Inter-level travel time spent in this place.
 D = Time resting spent in this place.
 E = Time spent auto-exploring this place.
 F = Levels seen in this place.
 G = Mean time per level.
                   A        B        C        D        E       F      G
               +--------+--------+--------+--------+--------+-----+--------+
         Total |   5240 |   5082 |    158 |    214 |   4001 |   6 |  873.3 |
       Dungeon |   5240 |   5082 |    158 |    214 |   4001 |   6 |  873.3 |
               +--------+--------+--------+--------+--------+-----+--------+

Top non-repeatable levels by time:
     D:5: 1894 daAuts
     D:4: 1107 daAuts
     D:2: 835 daAuts
     D:1: 696 daAuts
     D:3: 686 daAuts
     D:6: 20 daAuts
